AoeStats
← Dreaming-though-Awake

Arabia

504643339Analyzed
1v1 RM · 26d ago on Sep 6, 2026· 21m 2s· 2 players
Game mode
Random Map
Map size
Tiny (2 player)
Population
200
Speed
Normal
Resources
Standard
Victory
Conquest
Starting age
Dark Age
Ending age
Imperial Age
RankedLock teamsTeams togetherTeam positionsShared explorationLock speedFull tech treeHidden civsTurbo modeCheats
Victory
Defeat
🇨🇦 Malians · Canada
1362
+16
🇺🇸 Romans · United States
1369
-16
Al Qaex (FR/QC)
4:37 Loom
9:26 Feudal Age
9:27 Man-at-Arms
11:16 Scale Mail Armor
16:02 Padded Archer Armor
Dreaming-though-Awake
7:09 Loom
9:34 Feudal Age
10:02 Man-at-Arms
12:19 Scale Barding Armor
16:24 Forging
23:17 Castle Age
Connection lost

Rejoining the realm…

Still unreachable

The connection could not be restored.

Session expired

The server has moved on; the page needs a fresh start.